 Dungeon Crawl Stone Soup version 0.29.1-14-g9c671dbff4 (webtiles) character file.

Game seed: 13842055324322723937

3686 Descartes the Digger (level 10, -5/59 HPs)
             Began as a Gargoyle Earth Elementalist on Feb 16, 2023.
             Was an Initiate of Gozag.
             Slain by a two-headed ogre
             ... wielding a +0 giant club
              (30 damage)
             ... on level 7 of the Dungeon.
             The game lasted 00:21:27 (9043 turns).

Descartes the Digger (Gargoyle Earth Elementalist)  Turns: 9043, Time: 00:21:28

Health: -5/59      AC: 14    Str: 13    XL:     10   Next: 13%
Magic:  3/17       EV: 13    Int: 19    God:    Gozag
Gold:   714        SH:  0    Dex: 10    Spells: 11/19 levels left

rFire   . . .      SeeInvis .   (no weapon)
rCold   . . .      Faith    .   (no shield)
rNeg    + . .      Spirit   .   a - +0 robe
rPois   ∞          Reflect  .   E - +1 hat
rElec   +          Harm     .   l - +2 cloak
rCorr   .          Rampage  .   B - +0 pair of gloves
Will    .....                   (no boots)
Stlth   ++........              (no amulet)
HPRegen 0.19/turn               D - ring of flight
MPRegen 0.15/turn               (no ring)

@: flying, very slightly contaminated
A: sickness immunity, AC +7, negative energy resistance 1, electricity
resistance, torment resistance 1, petrification resistance
a: Renounce Religion, Potion Petition, Call Merchant, Bribe Branch


You were on level 7 of the Dungeon.
You worshipped Gozag.
Gozag was pleased with you.
You visited 2 branches of the dungeon, and saw 9 of its levels.
You also visited: Sewer.

You collected 864 gold pieces.
You paid 150 gold pieces to Gozag.

Inventory:

Hand Weapons
 d - a +1 sling
 x - a +1 falchion of holy wrath
 H - a +6 scimitar of freezing
Missiles
 u - a throwing net
Armour
 a - a +0 robe (worn)
 f - a +0 helmet
 l - a +2 cloak (worn)
 B - a +0 pair of gloves (worn)
 E - a +1 hat (worn)
Jewellery
 m - a ring of fire
 D - a ring of flight (left hand)
Wands
 j - a wand of iceblast (17)
 w - a wand of flame (12)
 F - a wand of charming (7)
Scrolls
 c - 3 scrolls of blinking
 g - 3 scrolls of butterflies
 h - 6 scrolls of teleportation {unknown}
 o - 4 scrolls of vulnerability
 p - a scroll of enchant weapon
 q - 4 scrolls of fear {unknown}
 y - a scroll of acquirement {unknown}
 z - a scroll of silence {unknown}
 C - 7 scrolls of identify
 G - a scroll of brand weapon {unknown}
Potions
 b - 2 potions of magic
 e - 4 potions of attraction {unknown}
 i - 2 potions of heal wounds
 k - 2 potions of degeneration {unknown}
 n - a potion of mutation {unknown}
 r - a potion of berserk rage {unknown}
 s - a potion of haste
 t - 3 potions of curing {unknown}
 v - a potion of might {unknown}


   Skills:
 - Level 5.0 Fighting
 + Level 4.8 Dodging
 - Level 2.1 Stealth
 - Level 5.0 Spellcasting
 + Level 5.8 Conjurations
 + Level 4.5 Transmutations
 + Level 7.6 Earth Magic
 - Level 5.0 Evocations


You had 11 spell levels left.
You knew the following spells:

 Your Spells              Type           Power      Damage    Failure   Level
a - Sandblast             Erth           66%        2d15      1%          1
b - Stone Arrow           Conj/Erth      60%        3d10      2%          3
c - Petrify               Tmut/Erth      27%        N/A       11%         4

Your spell library contained the following spells:

 Spells                   Type           Power      Damage    Failure   Level
 Passwall                 Tmut/Erth      22%        N/A       1%          2
 Lightning Bolt           Conj/Air       7%         1d20      71%         5
 Airstrike                Air            2%         2d(1-17)  77%         4
 Summon Lightning Spire   Summ/Air       4%         N/A       77%         4


Dungeon Overview and Level Annotations

Branches:
Dungeon (8/15)             Temple (1/1) D:4           Sewer (visited)
   Lair: D:8-11

Altars:
Cheibriados
Dithmenos
Fedhas
Gozag
Hepliaklqana
Kikubaaqudgha
Makhleb
Nemelex Xobeh
Okawaru
Qazlal
Ru
Trog
Uskayaw
Vehumet
Wu Jian
Xom
Yredelemnul
Zin
The Shining One

Shops:
D:4 !   D:6 [

Annotations:
D:7 1 runed translucent door


Innate Abilities, Weirdness & Mutations

You are immune to sickness and miasma.
Your stone body is resilient. (AC +7)
You are immune to poison.
You resist negative energy. (rN+)
You are resistant to electric shocks. (rElec)
You are resistant to unholy torment.
You are immune to petrification.


Message History

The stone arrow hits the two-headed ogre!
The two-headed ogre is moderately wounded.
The kobold throws a stone.
The stone misses you.
Casting: Stone Arrow (dangerous; 2% risk of failure)
Confirm with . or Enter, or press ? or * to list all spells.
Aiming: Stone Arrow (dangerous; 2% risk of failure)
Press: ? - help, Shift-Dir - straight line, f/p - two-headed ogre
Aim: a two-headed ogre, wielding two +0 giant clubs (moderately wounded, 88% to hit)
You miscast Stone Arrow.
You are very lightly contaminated with residual magic.
Nothing appears to happen.
The two-headed ogre hits you with a +0 giant club!!
The two-headed ogre misses you.
You fly upwards.
Level annotation: 1 runed translucent door
There is a stone staircase leading down here.
You see here an amulet of regeneration.
Casting: Stone Arrow (dangerous; 2% risk of failure)
Confirm with . or Enter, or press ? or * to list all spells.
Aiming: Stone Arrow (dangerous; 2% risk of failure)
Press: ? - help, Shift-Dir - straight line, f - two-headed ogre
Aim: a two-headed ogre, wielding two +0 giant clubs (moderately wounded, 88% to hit)
The stone arrow hits the two-headed ogre!
The two-headed ogre is heavily wounded.
Casting: Stone Arrow (dangerous; 2% risk of failure)
Confirm with . or Enter, or press ? or * to list all spells.
Aiming: Stone Arrow (dangerous; 2% risk of failure)
Press: ? - help, Shift-Dir - straight line, f/p - two-headed ogre
Aim: a two-headed ogre, wielding two +0 giant clubs (heavily wounded, 88% to hit)
The stone arrow hits the two-headed ogre!!
The two-headed ogre is almost dead.
The two-headed ogre hits you with a +0 giant club!!
Ouch! That really hurt!
* * * LOW HITPOINT WARNING * * *
The two-headed ogre barely misses you.
You feel much better.
The two-headed ogre hits you with a +0 giant club!!
Ouch! That really hurt!
You die...
Your body crumbles into a pile of gold.

##........)...........
#.....................
#.....................
#.............<.......
#.......[.............
#.....................
#.............)...####
##..[[[............)))
##..@O..#........)...
######[##.##........
#..#.##........
##.#.##....>...
#...##........
#.............
##............
#............
###..........##


You could see a two-headed ogre.

Vanquished Creatures
  A two-headed ogre (D:8)
  A steam dragon (D:6)
  3 water moccasins
  3 black bears
  An ice beast (D:8)
  An orc warrior (D:7)
  2 kobold brigands (D:7)
  A necrophage (D:7)
  4 bullfrogs (D:8)
  4 scorpions
  10 wights
  3 jellies
  6 hounds
  A gnoll bouda (D:5)
  3 orc priests
  2 iguanas
  5 orc wizards
  Ijyb (D:3)
  Natasha (D:2)
  A hell rat (Sewer)
  12 gnolls
  8 adders
  4 white imps
  An ufetubus (D:5)
  2 dart slugs
  18 orcs
  9 endoplasms
  3 giant cockroaches
  10 goblins
  4 hobgoblins
  9 jackals
  6 quokkas
  2 ball pythons (D:3)
  5 frilled lizards
  A giant cockroach zombie (D:3)
  17 kobolds
  A quokka zombie (D:3)
  4 rats
170 creatures vanquished.

Vanquished Creatures (others)
  50 fungi
  39 plants
  4 toadstools (D:3)
93 creatures vanquished.

Grand Total: 263 creatures vanquished

Notes
Turn   | Place    | Note
-------+----------+-------------------------------------------
     0 | D:1      | Descartes the Gargoyle Earth Elementalist began the quest
                  | for the Orb.
     0 | D:1      | Reached XP level 1. HP: 10/10 MP: 3/3
   278 | D:1      | Reached XP level 2. HP: 16/16 MP: 5/5
   408 | D:1      | Found a faded altar of an unknown god.
   545 | D:2      | Reached skill level 1 in Fighting
   545 | D:2      | Reached skill level 1 in Transmutations
   545 | D:2      | Reached XP level 3. HP: 15/20 MP: 1/6
   640 | D:2      | Noticed Natasha
   644 | D:2      | Killed Natasha
   645 | D:2      | Reached skill level 1 in Evocations
   894 | D:2      | Reached XP level 4. HP: 25/25 MP: 7/7
   943 | D:2      | Reached skill level 1 in Conjurations
  1511 | D:3      | Reached skill level 4 in Earth Magic
  1511 | D:3      | Reached XP level 5. HP: 20/30 MP: 8/8
  1528 | D:3      | Found a glowing drain.
  1544 | Sewer    | Entered a sewer
  1962 | D:3      | Noticed Ijyb
  1979 | D:3      | Killed Ijyb
  2226 | D:3      | Found a basalt altar of Yredelemnul.
  2896 | D:4      | Found a staircase to the Ecumenical Temple.
  2902 | Temple   | Entered the Ecumenical Temple
  2947 | D:4      | Reached XP level 6. HP: 13/36 MP: 0/10
  4054 | D:4      | Found Naowkaer's Distillery.
  4084 | D:5      | Entered Level 5 of the Dungeon
  4256 | D:4      | Reached XP level 7. HP: 5/41 MP: 9/11
  4604 | D:5      | Learned a level 3 spell: Stone Arrow
  5949 | D:6      | Reached skill level 5 in Earth Magic
  5949 | D:6      | Reached XP level 8. HP: 41/48 MP: 1/12
  6316 | D:6      | Found an opulent altar of Gozag.
  6325 | D:6      | Became a worshipper of Gozag Ym Sagoz the Greedy
  6420 | D:6      | Found Margaret's Dragon-Slaying Spoils.
  6551 | D:7      | Found a runed translucent door.
  6554 | D:7      | Noticed a sixfirhy
  6986 | D:7      | Reached skill level 5 in Fighting
  7311 | D:7      | Reached XP level 9. HP: 38/54 MP: 6/15
  7630 | D:8      | Noticed a two-headed ogre
  7678 | D:8      | Reached skill level 6 in Earth Magic
  7683 | D:8      | Learned a level 4 spell: Petrify
  7716 | D:7      | Reached skill level 5 in Evocations
  8440 | D:8      | Reached skill level 5 in Conjurations
  8550 | D:8      | Reached skill level 7 in Earth Magic
  8555 | D:8      | Reached skill level 5 in Spellcasting
  8739 | D:8      | Noticed a two-headed ogre
  8745 | D:8      | Killed a two-headed ogre
  8746 | D:8      | Reached XP level 10. HP: 21/59 MP: 7/17
  9043 | D:7      | Slain by a two-headed ogre

Illustrated notes

Levels and vault maps discovered:
D:1:      lightli_arrival_boilingwater, layout_basic,
          ebering_ecumenical_altar_hall
D:2:      layout_loops_ring, uniq_natasha
D:3:      layout_basic, lemuel_zombie_altar_yredelemnul, portal_sewer_entry_a,
          minmay_gold_behind_fungi, uniq_ijyb
D:4:      corexii_shack_village, layout_rooms, minmay_temple_entry_mist,
          serial_shops, kennysheep_mini, grunt_decor_resistance,
          hangedman_feature_mirror
D:5:      layout_loops_ring
D:6:      layout_basic, mainiacjoe_overflow_cross_hatched,
          nicolae_shop_dragon_depot, grunt_decor_junction
D:7:      cheibrodos_shockbox, layout_rooms
D:8:      layout_cave_pools, due_lair_maze_entry_diamond
Temple:   sentei_temple_godly_chess

Skill      XL: |  1  2  3  4  5  6  7  8  9 |
---------------+----------------------------+-----
Fighting       | 1 2 3 4 5 |  5.0
Transmutations | 1 2 3 4 |  4.5
Evocations     | 1 2 3 4 5 |  5.0
Dodging        | 2 3 4 |  4.8
Conjurations   | 1 2 3 5 |  5.8
Earth Magic    | 4 5 7 |  7.6
Spellcasting   | 3 4 5 |  5.0
Stealth        | |  2.1

Action                   |  1- 3 |  4- 6 |  7- 9 | 10-12 || total
-------------------------+-------+-------+-------+-------++-------
Melee: Short sword       |       |    10 |       |       ||    10
       Falchion          |       |       |    15 |       ||    15
 Fire: Sling             |    31 |    66 |    11 |       ||   108
 Cast: Sandblast         |    22 |    98 |   245 |       ||   365
       Stone Arrow       |       |       |     8 |     4 ||    12
Evoke: Wand              |       |     2 |       |       ||     2
  Use: Scroll            |       |     5 |       |       ||     5
       Potion            |       |       |     1 |     1 ||     2
Armor: Robe              |     1 |    37 |    78 |     2 ||   118
Dodge: Dodged            |    13 |    45 |   141 |     6 ||   205
